 Dungeon Crawl Stone Soup version 0.29.1-13-g9f3cf754e1 (webtiles) character file.

Game seed: 10367610967449073400

74 KittyFluff the Cudgeller (level 4, -5/29 HPs)
             Began as a Gargoyle Berserker on Jan 20, 2023.
             Was a Believer of Trog.
             Slain by an orc
             ... wielding a +0 morningstar
              (10 damage)
             ... on level 3 of the Dungeon.
             The game lasted 00:07:51 (2389 turns).

KittyFluff the Cudgeller (Gargoyle Berserker)       Turns: 2389, Time: 00:07:51

Health: -5/29      AC:  6    Str: 21    XL:     4   Next: 28%
Magic:  4/4        EV: 11    Int:  7    God:    Trog [**....]
Gold:   109        SH:  0    Dex: 11    Spells: 3/3 levels left

rFire   . . .      SeeInvis .   a - +0 mace
rCold   . . .      Faith    .   (no shield)
rNeg    + . .      Spirit   .   i - +0 leather armour
rPois   ∞          Reflect  .   (no helmet)
rElec   +          Harm     .   (no cloak)
rCorr   +          Rampage  .   (no gloves)
Will    .....                   (no boots)
Stlth   +.........              o - amulet of regeneration
HPRegen 0.89/turn               f - ring of resist corrosion
MPRegen 0.09/turn               (no ring)

@: no status effects
A: sickness immunity, AC +3, negative energy resistance 1, electricity
resistance, torment resistance 1, petrification resistance
a: Renounce Religion, Berserk, Trog's Hand


You were on level 3 of the Dungeon.
You worshipped Trog.
Trog was pleased with you.
You visited 1 branch of the dungeon, and saw 3 of its levels.

You collected 109 gold pieces.

Inventory:

Hand Weapons
 a - a +0 mace (weapon)
Missiles
 d - 16 stones (quivered)
Armour
 g - a +0 ring mail
 i - a +0 leather armour (worn)
 n - the +0 leather armour of Defence {rPois rN+ Dex-2}
   (You found it on level 3 of the Dungeon)

   Dex:       It affects your dexterity (-2).
   rPois:     It protects you from poison.
   rN:        It protects you from negative energy.
Jewellery
 f - a ring of resist corrosion (left hand)
 l - an amulet of guardian spirit
 o - an amulet of regeneration (around neck)
Scrolls
 b - a scroll of amnesia {unknown}
 c - 2 scrolls of teleportation {unknown}
 h - a scroll of identify {unknown}
Potions
 e - a potion of degeneration {unknown}
 j - a potion of berserk rage {unknown}
 k - a potion of brilliance {unknown}
 m - a potion of haste {unknown}


   Skills:
 + Level 3.9 Fighting
 + Level 4.0 Maces & Flails
 * Level 2.8 Armour
 + Level 1.8 Dodging
 + Level 0.3 Stealth


You had 3 spell levels left.
You didn't know any spells.
Your spell library was empty.

Dungeon Overview and Level Annotations

Branches:
Dungeon (3/15)

Altars:


Innate Abilities, Weirdness & Mutations

You are immune to sickness and miasma.
Your stone body is resilient. (AC +3)
You are immune to poison.
You resist negative energy. (rN+)
You are resistant to electric shocks. (rElec)
You are resistant to unholy torment.
You are immune to petrification.


Message History

You closely miss the bat.
The bat is moderately wounded.
The bat closely misses you.
The kobold hits you with a +0 short sword.
You hit the kobold.
You kill the kobold!
Trog accepts your kill. The bat hits you. The bat hits you but does no damage.
You barely miss the bat.
The bat is moderately wounded.
The bat closely misses you.
You completely miss the orc. The orc hits you but does no damage.
The orc completely misses you.
You sock the orc!
You kill the orc!
Trog accepts your kill. The bat closely misses you. The orc closely misses you.
You closely miss the orc. The bat barely misses you. The bat hits you.
The orc hits you with a +0 mace. x2
You thump the orc!
You kill the orc!
Trog accepts your kill. The bat hits you. The bat closely misses you.
You hit the bat.
You kill the bat!
Trog accepts your kill.
You barely miss the orc. The orc barely misses you.
You barely miss the orc. The orc barely misses you.
You barely miss the orc.
The endoplasm quivers.
The orc hits you with a +0 morningstar! x2
You closely miss the orc. The orc closely misses you.
You hit the orc.
The orc is heavily wounded.
The orc hits you with a +0 morningstar!
* * * LOW HITPOINT WARNING * * *
You closely miss the orc.
The orc is heavily wounded.
The orc hits you with a +0 morningstar!
You die...

#..##########.....#
#..<.....[#...#.#.#.#
#..######.#.#:....#.#
#......##.#.#.#.#....
##.#................#
#.#.#...............
#.# #......†.....#
#.#.#......##)#.##
#..o.......o@.#
.#.#......####
#.......#...
##.......####
....#.#..#
J#........#
.....#.#..#
.#........#


You could see an orc.

Vanquished Creatures
  2 adders
  4 orcs
  7 endoplasms
  A giant cockroach (D:2)
  4 goblins (D:1)
  7 hobgoblins
  2 jackals (D:1)
  2 quokkas
  2 ball pythons
  7 bats
  2 frilled lizards
  4 kobolds
  5 rats
49 creatures vanquished.

Notes
Turn   | Place    | Note
-------+----------+-------------------------------------------
     0 | D:1      | KittyFluff the Gargoyle Berserker began the quest for the
                  | Orb.
     0 | D:1      | Reached XP level 1. HP: 14/14 MP: 1/1
   476 | D:1      | Reached XP level 2. HP: 19/19 MP: 2/2
  1278 | D:1      | Reached XP level 3. HP: 24/24 MP: 3/3
  1543 | D:2      | Reached ** piety under Trog
  2120 | D:3      | Reached XP level 4. HP: 19/29 MP: 2/4
  2305 | D:3      | Identified the +0 leather armour of Defence {rPois rN+
                  | Dex-2}
  2365 | D:3      | Reached skill level 4 in Maces & Flails
  2389 | D:3      | Slain by an orc

Illustrated notes

Levels and vault maps discovered:
D:1:      dpeg_arrival_water_fire, layout_basic
D:2:      layout_basic, minivault_24
D:3:      layout_loops_ring, serial_glass, glass_columns_b, glass_columns_a,
          glass_columns_a, glass_columns_a, glass_columns_b, glass_columns_a,
          glass_columns_a, glass_columns_a, glass_columns_b, glass_columns_b,
          lexackson_kobold_supper

Skill      XL: |  1  2  3  4 |
---------------+-------------+-----
Maces & Flails | 4 |  4.0
Fighting       | |  3.9
Armour         | |  2.8
Dodging        | |  1.8
Stealth        | |  0.3

Action                   |  1- 3 |  4- 6 || total
-------------------------+-------+-------++-------
Melee: Mace              |   132 |    25 ||   157
       Punch             |     1 |       ||     1
Armor: Animal skin       |    32 |       ||    32
       Leather armour    |    33 |    10 ||    43
Dodge: Dodged            |    83 |    21 ||   104
